3AA
FT. POLK SOUTH THUNDER HAWKS @ SAN BERNARDINO GRASSHOPPERS
08/28/2025
 
TOP OF THE 1ST
Ft. Polk South Thunder Hawks batting - Pitching for San Bernardino Grasshoppers : RHP Jim Unknown
Pitching: RHP Jim Unknown
Batting: SHB Paul Wright 0-0: Foul Ball, location: 2F
0-1: Called Strike
0-2: Ball
1-2: Ball
2-2: Strikes out swinging
Batting: RHB José Sosa 0-0: Fly out, F9 (Line Drive, 9)
Batting: RHB Pedro Méndez 0-0: Fly out, F8 (Flyball, 89D)
Top of the 1st over - 0 run(s), 0 hit(s), 0 error(s), 0 left on base; Ft. Polk South 0 - San Bernardino 0
BOTTOM OF THE 1ST
San Bernardino Grasshoppers batting - Pitching for Ft. Polk South Thunder Hawks : RHP Quentin Bowers
Pitching: RHP Quentin Bowers
Batting: RHB Manuel García 0-0: Swinging Strike
0-1: Called Strike
0-2: Foul Ball, location: 2F
0-2: Strikes out swinging
Batting: RHB Jaime López 0-0: Swinging Strike
0-1: Ball
1-1: Foul Ball, location: 2F
1-2: Ball
2-2: Foul Ball, location: 2F
2-2: Foul Ball, location: 2F
2-2: Foul Ball, location: 2F
2-2: Fly out, F4 (Line Drive, 4)
Batting: SHB Zuberi Mccray 0-0: Ball
1-0: Ball
2-0: Called Strike
2-1: Called Strike
2-2: Strikes out looking
Bottom of the 1st over - 0 run(s), 0 hit(s), 0 error(s), 0 left on base; Ft. Polk South 0 - San Bernardino 0
TOP OF THE 2ND
Ft. Polk South Thunder Hawks batting - Pitching for San Bernardino Grasshoppers : RHP Jim Unknown
Batting: RHB David Phipps 0-0: Ball
1-0: Ball
2-0: Ball
3-0: Called Strike
3-1: Base on Balls
Batting: RHB Manuel Rodríguez 0-0: Called Strike
0-1: Ball
1-1: Ball
2-1: Fly out, F9 (Flyball, 9S)
Batting: LHB Tae-sang Han 0-0: Ball
1-0: Foul Ball, location: 2F
1-1: Ball
2-1: Foul Ball, location: 2F
2-2: Foul Ball, location: 2F
2-2: Ball
3-2: Foul Ball, location: 2F
3-2: Foul Ball, location: 2F
3-2: SINGLE (Groundball, 34S) (infield hit)
David Phipps to second
Batting: RHB Jesús Hernández 0-0: Fly out, F9 (Line Drive, 9)
Batting: RHB Jorge Flores 0-0: Reached on error, E6 (Groundball, 6)
David Phipps to third
Tae-sang Han to second
Batting: LHB Ramón Castro 0-0: Called Strike
0-1: Called Strike
0-2: Ball
1-2: Fly out, F4 (Line Drive, 4D)
Top of the 2nd over - 0 run(s), 1 hit(s), 1 error(s), 3 left on base; Ft. Polk South 0 - San Bernardino 0
BOTTOM OF THE 2ND
San Bernardino Grasshoppers batting - Pitching for Ft. Polk South Thunder Hawks : RHP Quentin Bowers
Batting: LHB Michael Nelson 0-0: Ball
1-0: Called Strike
1-1: Called Strike
1-2: Ball
2-2: Foul Ball, location: 2F
2-2: SINGLE (Line Drive, 6MD)
Batting: RHB Alwin Vreekamp 0-0: Swinging Strike
0-1: Foul Ball, location: 2F
0-2: Fly out, F4 (Popup, 34)
Batting: LHB Homer Spence 0-0: Called Strike
0-1: Foul Ball, location: 2F
0-2: Ball
1-2: Strikes out swinging
Batting: RHB Dave Hastings 0-0: Called Strike
0-1: Ball
1-1: Fielders Choice at 2nd, 5-4 (Groundball, 5)
Bottom of the 2nd over - 0 run(s), 1 hit(s), 0 error(s), 0 left on base; Ft. Polk South 0 - San Bernardino 0
TOP OF THE 3RD
Ft. Polk South Thunder Hawks batting - Pitching for San Bernardino Grasshoppers : RHP Jim Unknown
Batting: SHB Paul Wright 0-0: Called Strike
0-1: Foul Ball, location: 2F
0-2: Ball
1-2: Ball
2-2: Foul Ball, location: 2F
2-2: Foul Ball, location: 2F
2-2: Foul Ball, location: 2F
2-2: Strikes out looking
Batting: RHB José Sosa 0-0: Foul Ball, location: 2F
0-1: SINGLE (Groundball, 56) (infield hit)
Batting: RHB Pedro Méndez 0-0: Ball
1-0: Ball
2-0: DOUBLE (Line Drive, 78D)
José Sosa to third
Batting: RHB David Phipps 0-0: Called Strike
0-1: Ball
1-1: Ball
2-1: Swinging Strike
2-2: SINGLE (Groundball, 6MD)
José Sosa scores
Pedro Méndez to third
Batting: RHB Manuel Rodríguez 0-0: Ball
1-0: Grounds into double play, 5-4-3 (Groundball, 5)
Top of the 3rd over - 1 run(s), 3 hit(s), 0 error(s), 1 left on base; Ft. Polk South 1 - San Bernardino 0
BOTTOM OF THE 3RD
San Bernardino Grasshoppers batting - Pitching for Ft. Polk South Thunder Hawks : RHP Quentin Bowers
Batting: RHB Matt Roloff 0-0: Ball
1-0: Swinging Strike
1-1: Foul Ball, location: 2F
1-2: Ball
2-2: Fly out, F8 (Flyball, 8RM)
Batting: RHB José Urruticodez 0-0: Ball
1-0: Ground out 5-3 (Groundball, 5)
Batting: RHB Manuel García 0-0: Ball
1-0: SINGLE (Line Drive, 4MD)
Batting: RHB Jaime López 0-0: Called Strike
0-1: Foul Ball, location: 2F
0-2: Strikes out swinging
Bottom of the 3rd over - 0 run(s), 1 hit(s), 0 error(s), 1 left on base; Ft. Polk South 1 - San Bernardino 0
TOP OF THE 4TH
Ft. Polk South Thunder Hawks batting - Pitching for San Bernardino Grasshoppers : RHP Jim Unknown
Batting: LHB Tae-sang Han 0-0: Called Strike
0-1: Ball
1-1: Ball
2-1: Swinging Strike
2-2: Strikes out swinging
Batting: RHB Jesús Hernández 0-0: Called Strike
0-1: Ball
1-1: Called Strike
1-2: SINGLE (Groundball, 6MD)
Batting: RHB Jorge Flores 0-0: Fly out, F8 (Flyball, 8RM)
Batting: LHB Ramón Castro 0-0: Ball
1-0: Ball
2-0: Ground out 3-1 (Groundball, 34S)
Top of the 4th over - 0 run(s), 1 hit(s), 0 error(s), 1 left on base; Ft. Polk South 1 - San Bernardino 0
BOTTOM OF THE 4TH
San Bernardino Grasshoppers batting - Pitching for Ft. Polk South Thunder Hawks : RHP Quentin Bowers
Batting: SHB Zuberi Mccray 0-0: Ground out U3 (Groundball, 34)
Batting: LHB Michael Nelson 0-0: Called Strike
0-1: Ball
1-1: Ground out 4-3 (Groundball, 4)
Batting: RHB Alwin Vreekamp 0-0: Ball
1-0: Foul Ball, location: 2F
1-1: Ground out 5-3 (Groundball, 56)
Bottom of the 4th over - 0 run(s), 0 hit(s), 0 error(s), 0 left on base; Ft. Polk South 1 - San Bernardino 0
TOP OF THE 5TH
Ft. Polk South Thunder Hawks batting - Pitching for San Bernardino Grasshoppers : RHP Jim Unknown
Batting: SHB Paul Wright 0-0: Called Strike
0-1: Ball
1-1: Ball
2-1: Ground out 1-3 (Groundball, P)
Batting: RHB José Sosa 0-0: Called Strike
0-1: Ball
1-1: Fly out, F7 (Flyball, 78S)
Batting: RHB Pedro Méndez 0-0: Called Strike
0-1: Ball
1-1: Ground out 5-3 (Groundball, 56S)
Top of the 5th over - 0 run(s), 0 hit(s), 0 error(s), 0 left on base; Ft. Polk South 1 - San Bernardino 0
BOTTOM OF THE 5TH
San Bernardino Grasshoppers batting - Pitching for Ft. Polk South Thunder Hawks : RHP Quentin Bowers
Batting: LHB Homer Spence 0-0: Foul Ball, location: 2F
0-1: Called Strike
0-2: Ball
1-2: Ball
2-2: Hit by Pitch
Batting: RHB Dave Hastings 0-0: Called Strike
Homer Spence steals 2nd base
0-1: Foul Ball, location: 2F
0-2: Ball
1-2: SINGLE (Groundball, 4MD)
Homer Spence to third
Runner from 3rd tries for Home, SAFE, no throw
Batting: RHB Matt Roloff 0-0: Foul Ball, location: 2F
0-1: Foul Ball, location: 2F
0-2: Strikes out swinging
Batting: RHB José Urruticodez 0-0: Ball
1-0: Ball
2-0: DOUBLE (Line Drive, 8LD)
Dave Hastings to third
Batting: RHB Manuel García 0-0: Fly out, F8 (Flyball, 89M)
Runner from 3rd tags up, SCORES, throw made
Batting: RHB Jaime López 0-0: Ball
1-0: Fly out, F9 (Flyball, 9S)
Bottom of the 5th over - 2 run(s), 2 hit(s), 0 error(s), 1 left on base; Ft. Polk South 1 - San Bernardino 2
TOP OF THE 6TH
Ft. Polk South Thunder Hawks batting - Pitching for San Bernardino Grasshoppers : RHP Jim Unknown
Batting: RHB David Phipps 0-0: Swinging Strike
0-1: Ball
1-1: Ball
2-1: Ball
3-1: SINGLE (Flyball, 9S)
Batting: RHB Manuel Rodríguez 0-0: Called Strike
0-1: Ball
1-1: Ball
2-1: Ball
3-1: Base on Balls
David Phipps to second
Batting: LHB Tae-sang Han 0-0: Sac Bunt - play at third, runner OUT! 1-6
Manuel Rodríguez to second
Batting: RHB Jesús Hernández 0-0: Called Strike
0-1: Called Strike
0-2: Ball
1-2: Ball
2-2: Strikes out swinging
Batting: RHB Jorge Flores 0-0: Ball
1-0: Swinging Strike
1-1: Ball
2-1: Foul Ball, location: 2F
2-2: Strikes out swinging
Top of the 6th over - 0 run(s), 1 hit(s), 0 error(s), 2 left on base; Ft. Polk South 1 - San Bernardino 2
BOTTOM OF THE 6TH
San Bernardino Grasshoppers batting - Pitching for Ft. Polk South Thunder Hawks : RHP Quentin Bowers
Batting: SHB Zuberi Mccray 0-0: DOUBLE (Line Drive, 89D)
Batting: LHB Michael Nelson 0-0: Called Strike
0-1: Ball
1-1: Called Strike
1-2: Strikes out looking
Batting: RHB Alwin Vreekamp 0-0: Fly out, F9 (Flyball, 89S)
Batting: LHB Homer Spence 0-0: Ball
1-0: Called Strike
1-1: Called Strike
1-2: Ball
2-2: Strikes out swinging
Bottom of the 6th over - 0 run(s), 1 hit(s), 0 error(s), 1 left on base; Ft. Polk South 1 - San Bernardino 2
TOP OF THE 7TH
Ft. Polk South Thunder Hawks batting - Pitching for San Bernardino Grasshoppers : RHP Jim Unknown
Batting: LHB Ramón Castro 0-0: Called Strike
0-1: Ball
1-1: Foul Ball, location: 2F
1-2: Ball
2-2: Ground out 4-3 (Groundball, 4S)
Batting: SHB Paul Wright 0-0: Ball
1-0: Called Strike
1-1: Foul Ball, location: 2F
1-2: Ball
2-2: Fly out, F8 (Flyball, 8RM)
Batting: RHB José Sosa 0-0: Called Strike
0-1: Swinging Strike
0-2: Foul Ball, location: 2F
0-2: Fly out, F7 (Line Drive, 7)
Top of the 7th over - 0 run(s), 0 hit(s), 0 error(s), 0 left on base; Ft. Polk South 1 - San Bernardino 2
BOTTOM OF THE 7TH
San Bernardino Grasshoppers batting - Pitching for Ft. Polk South Thunder Hawks : RHP Quentin Bowers
Batting: RHB Dave Hastings 0-0: Ball
1-0: Fly out, F9 (Flyball, 89S)
Batting: RHB Matt Roloff 0-0: Called Strike
0-1: Ball
1-1: Called Strike
1-2: Foul Ball, location: 2F
1-2: Foul Ball, location: 2F
1-2: Foul Ball, location: 2F
1-2: Ball
2-2: Foul Ball, location: 2F
2-2: SINGLE (Groundball, 4MD)
Pitching: RHP Júlio Palácios
Pinch Hitting: LHB Natale Langushi 0-0: Swinging Strike
0-1: Fly out, F3 (Popup, 3L)
Pinch Hitting: RHB Parker Smith 0-0: Ball
1-0: Ball
2-0: Ball
Matt Roloff is caught stealing 2nd base
Bottom of the 7th over - 0 run(s), 1 hit(s), 0 error(s), 0 left on base; Ft. Polk South 1 - San Bernardino 2
TOP OF THE 8TH
Ft. Polk South Thunder Hawks batting - Pitching for San Bernardino Grasshoppers : RHP Jim Unknown
Now at 1B: Natale Langushi
Now at 2B: Parker Smith
Batting: RHB Pedro Méndez 0-0: Called Strike
0-1: Foul Ball, location: 2F
0-2: Ball
1-2: Foul Ball, location: 2F
1-2: Foul Ball, location: 2F
1-2: Foul Ball, location: 2F
1-2: Fly out, F8 (Flyball, 8RM)
Pitching: LHP César Valdéz
Batting: RHB David Phipps 0-0: Ground out 5-3 (Groundball, 5)
Pitching: RHP Jorge Cruz
Batting: RHB Manuel Rodríguez 0-0: Ball
1-0: Ball
2-0: Called Strike
2-1: Ball
3-1: Base on Balls
Pitching: LHP Ricardo Roquette
Pinch Hitting: RHB Adrian Barr 0-0: Ball
1-0: Called Strike
1-1: DOUBLE (Line Drive, 78M)
Manuel Rodríguez to third
Pitching: RHP Aurelio Sánchez
Batting: RHB Jesús Hernández 0-0: Ball
1-0: Called Strike
1-1: Ground out 6-3 (Groundball, 6)
Top of the 8th over - 0 run(s), 1 hit(s), 0 error(s), 2 left on base; Ft. Polk South 1 - San Bernardino 2
BOTTOM OF THE 8TH
San Bernardino Grasshoppers batting - Pitching for Ft. Polk South Thunder Hawks : RHP Júlio Palácios
Now in LF: Tony Ortíz
Batting: RHB Parker Smith 0-0: SINGLE (Line Drive, 9LS)
Batting: RHB Jaime López 0-0: Ball
1-0: Bunted foul
1-1: Ball
2-1: Bunted foul
2-2: SINGLE (Groundball, 56S) (infield hit)
Parker Smith to second
Batting: SHB Zuberi Mccray 0-0: Called Strike
0-1: Swinging Strike
0-2: Foul Ball, location: 2F
0-2: Ball
1-2: Ball
2-2: Strikes out swinging
Batting: LHB Michael Nelson 0-0: Ball
Parker Smith is caught stealing 3rd base
Jaime López to second
1-0: Ball
2-0: Called Strike
2-1: Swinging Strike
2-2: Foul Ball, location: 2F
2-2: Strikes out swinging
Bottom of the 8th over - 0 run(s), 2 hit(s), 0 error(s), 1 left on base; Ft. Polk South 1 - San Bernardino 2
TOP OF THE 9TH
Ft. Polk South Thunder Hawks batting - Pitching for San Bernardino Grasshoppers : RHP Aurelio Sánchez
Pitching: LHP Héctor Valentín
Now at C: Bradley Rowe
Pinch Hitting: RHB Keith Bane 0-0: Ball
1-0: Foul Ball, location: 2F
1-1: Hit by Pitch
Batting: LHB Ramón Castro 0-0: Bunted foul
0-1: Ball
1-1: Ball
2-1: Bunted foul
2-2: SINGLE (Groundball, 4MD)
Keith Bane to second
Runner from 2nd tries for 3rd, SAFE, throw made to third
Pinch Hitting: RHB Guillaume Colin 0-0: Called Strike
0-1: Ground out 6-3 (Groundball, 6)
Ramón Castro to second
Pinch Hitting: RHB César Villarreal 0-0: Fly out, F8 (Flyball, 89D)
Runner from 3rd tags up, SCORES, no throw
Batting: RHB Pedro Méndez 0-0: Ball
1-0: Swinging Strike
1-1: Foul Ball, location: 2F
1-2: Ball
2-2: Foul Ball, location: 2F
2-2: Ball
3-2: Foul Ball, location: 2F
3-2: Base on Balls
Pinch Runner at 2nd Remigio Burmester:
Batting: RHB David Phipps 0-0: Called Strike
0-1: Ball
1-1: Ball
2-1: Ball
3-1: Base on Balls
Remigio Burmester to third
Pedro Méndez to second
Batting: RHB Manuel Rodríguez 0-0: Foul Ball, location: 2F
0-1: Ball
1-1: SINGLE (Groundball, 56D)
Remigio Burmester scores
Pedro Méndez to third
David Phipps to second
Runner from 3rd tries for Home, SAFE, throw made home
Pitching: RHP Pablo Vargas
Batting: SHB Tony Ortíz 0-0: Ball
1-0: Called Strike
1-1: Ball
2-1: Swinging Strike
2-2: Foul Ball, location: 2F
2-2: Ball
3-2: Foul Ball, location: 2F
3-2: SINGLE (Groundball, 34D)
David Phipps to third
Manuel Rodríguez to second
David Phipps scores
Manuel Rodríguez to third
Batting: RHB Jesús Hernández 0-0: Called Strike
0-1: Ball
1-1: Ball
2-1: Ball
3-1: SINGLE (Groundball, 56S) (infield hit)
Manuel Rodríguez scores
Tony Ortíz to second
Batting: RHB Keith Bane 0-0: Called Strike
0-1: Called Strike
0-2: Strikes out looking
Top of the 9th over - 5 run(s), 4 hit(s), 0 error(s), 2 left on base; Ft. Polk South 6 - San Bernardino 2
BOTTOM OF THE 9TH
San Bernardino Grasshoppers batting - Pitching for Ft. Polk South Thunder Hawks : RHP Júlio Palácios
Pitching: RHP Bernardino Neagle
Now at C: Guillaume Colin
Now at 2B: Bryan Billings
Now at SS: Remigio Burmester
Now in RF: César Villarreal
Batting: RHB Alwin Vreekamp 0-0: Ground out 4-3 (Groundball, 4)
Batting: LHB Homer Spence 0-0: Swinging Strike
0-1: Ball
1-1: Swinging Strike
1-2: Strikes out swinging
Batting: RHB Dave Hastings 0-0: Called Strike
0-1: Fly out, F6 (Line Drive, 6)
Bottom of the 9th over - 0 run(s), 0 hit(s), 0 error(s), 0 left on base; Ft. Polk South 6 - San Bernardino 2
Friday, December 30th, 2016 - OOTP Baseball 17.12 Build 75